 Dungeon Sprint DCSS version 0.25-a0-424-g80bd347ae0 (webtiles) character file.

Game seed: 17865864360728753690, levelgen mode: deterministic

1568 Baz the Blocker (level 9, -3/81 HPs)
             Began as a Formicid Fighter on Jan 20, 2020.
             Slain by a harpy (9 damage)
             ... summoned by Kirke
             ... in the Dungeon (Sprint II: "The Violet Keep of Menkaure").
             The game lasted 00:04:24 (612 turns).

Baz the Blocker (Formicid Fighter)                   Turns: 612, Time: 00:04:24

Health: -3/81      AC: 12    Str: 29    XL:     9   Next: 13%
Magic:  9/9        EV: 10    Int:  7    God:
Gold:   733        SH: 13    Dex: 11    Spells: 8/8 levels left

rFire    . . .     SeeInvis +   a - +0 war axe
rCold    . . .     Gourm    .   c - +0 shield
rNeg     . . .     Faith    .   b - +0 scale mail
rPois    .         Spirit   .   (helmet unavailable)
rElec    .         Reflect  .   (no cloak)
rCorr    .         Harm     .   (no gloves)
MR       .....                  l - +2 pair of boots {Fly}
Stlth    ..........             (no amulet)
HPRegen  0.23/turn              (no ring)
MPRegen  0.11/turn              (no ring)

@: mighty, flying
A: permanent stasis, dig shafts and tunnels, four strong arms, antennae 3
a: Dig, Stop Flying


You were in the Dungeon.
You were not hungry.

You visited 1 branch You collected 972 gold pieces.
You spent 239 gold pieces at shops.

Inventory:

Hand Weapons
 a - a +0 war axe (weapon)
Armour
 b - a +0 scale mail (worn)
 c - a +0 shield (worn)
 l - a +2 pair of boots of flying (worn)
Scrolls
 k - a scroll of blinking
Potions
 e - a potion of curing
 h - a potion of haste
 i - 2 potions of magic
 j - a potion of berserk rage
Comestibles
 f - a ration


   Skills:
 + Level 11.5 Fighting
 + Level 8.7 Axes
 + Level 11.4 Armour
 + Level 12.1 Shields


You had 8 spell levels left.
You didn't know any spells.
Your spell library was empty.

Dungeon Overview and Level Annotations

Branches:
Dungeon (1/1)

Altars:

Shops:
D =[:!?}[[!:!((:=%

Annotations:
D exclusions: ice statue and oklob plant, Kirke, Roxanne


Innate Abilities, Weirdness & Mutations

You cannot be hasted, slowed, berserked, paralysed or teleported.
You can dig through walls and to a lower floor.
Your four strong arms can wield two-handed weapons with a shield.
You have a pair of large antennae on your head. (SInv)


Message History

Unknown command.
You slice the yaktaur captain!!
You kill the yaktaur captain!
Your Fighting skill increases to level 11!
Your Axes skill increases to level 8!
Your Armour skill increases to level 11!
Your Shields skill gained 2 levels and is now at level 12!
You have reached level 9!
Your experience leads to an increase in your attributes!
Your base attributes are Str 23, Int 7, Dex 11.
Increase (S)trength, (I)ntelligence, or (D)exterity?
You feel stronger.
You barely miss the harpy. The harpy claws you!
* * * LOW HITPOINT WARNING * * *
The harpy claws you but does no damage.
You closely miss Kirke.
The harpy screeches!
Kirke hits you but does no damage. You block the harpy's attack.
The harpy claws you!
You die...

{ {##≈≈§≈≈.§## {{ {
##.§≈≈§§§§§## { #
c{+≈≈≈≈§8§§§≈§# {{{
{K@####≈≈≈§§§§§≈ {{{ zc.≈##
≈§§§. { ###########≈≈#{{{#+++##
##########≈≈≈..({c§...#{{
#........#≈≈≈≈(##@##..# {
#...⌠....#≈≈≈≈##@H.##.#### {
#..∩.∩...#≈≈≈≈#.)#..#....#{{
#.∩.∩.∩..#≈≈####...####..##
#∩.∩.∩.∩.#≈##.###'###.##..# {
#.∩...∩.∩#≈#...##.###..#..#{{
#∩.....∩.'≈'##.'.<.'.##'..###
#.......∩#≈#.####.###..#....###.
▓▓▓▓▓▓▓###≈##.###÷###.##......≈≈
#(xh######≈≈####...####≈≈..§§.≈#


You could see Roxanne, Kirke, a centaur warrior and a harpy.

Vanquished Creatures
  A yaktaur captain (D)
  A merfolk siren (D)
  4 necrophages (D)
  A crocodile (D)
  4 worker ants (D)
  3 worms (D)
14 creatures vanquished.

Vanquished Creatures (others)
  A crocodile (D)
1 creature vanquished.

Grand Total: 15 creatures vanquished

Notes
Turn   | Place    | Note
-------+----------+-------------------------------------------
     0 | D        | Baz the Formicid Fighter began the quest for the Orb.
     0 | D        | Reached XP level 1. HP: 18/18 MP: 1/1
     5 | D        | Noticed a merfolk siren
    20 | D        | Killed a merfolk siren
    20 | D        | Reached skill level 5 in Axes
    20 | D        | Reached skill level 9 in Shields
    20 | D        | Reached XP level 2. HP: 26/33 MP: 2/2
    20 | D        | Reached XP level 3. HP: 30/38 MP: 3/3
    20 | D        | Reached XP level 4. HP: 36/45 MP: 4/4
    20 | D        | Reached XP level 5. HP: 41/51 MP: 5/5
    20 | D        | Reached XP level 6. HP: 45/57 MP: 6/6
    82 | D        | Identified Roxanne's Incunabulum of Transmigration
    82 | D        | Noticed Roxanne
    89 | D        | Reached XP level 7. HP: 48/64 MP: 7/7
   167 | D        | Found Ypresiaq's Jewellery Boutique.
   168 | D        | Found Weacust's Antique Weapon Shop.
   168 | D        | Found Serap's Book Boutique.
   168 | D        | Found Feimo's Food Shop.
   169 | D        | Found Yxzumij's Distillery.
   169 | D        | Found Catuqon's Antique Weapon Shop.
   170 | D        | Found Rap Xevuape's Distillery.
   170 | D        | Found Oxki Uhe's Book Boutique.
   171 | D        | Found Lodwadgh's Antique Armour Shop.
   172 | D        | Found Pucozal's Antique Armour Shop.
   172 | D        | Found Xiommimy's Gadget Boutique.
   172 | D        | Noticed a polar bear
   172 | D        | Noticed a polar bear
   175 | D        | Found Elyingus's Magic Scroll Shop.
   175 | D        | Found Kubiapse's Distillery.
   175 | D        | Noticed an oklob plant
   175 | D        | Noticed an unseen horror
   176 | D        | Found Aqoinuak's Armour Shop.
   176 | D        | Found Joten's Jewellery Boutique.
   176 | D        | Found Gevyfom's Book Shoppe.
   176 | D        | Noticed an unseen horror
   181 | D        | Noticed a spiny frog
   182 | D        | Noticed a spiny frog
   193 | D        | Bought a potion of might for 52 gold pieces
   205 | D        | Bought a pair of embroidered boots for 187 gold pieces
   224 | D        | Noticed an ice statue
   300 | D        | Reached skill level 10 in Shields
   315 | D        | Reached skill level 10 in Fighting
   325 | D        | Reached skill level 10 in Armour
   325 | D        | Reached XP level 8. HP: 67/70 MP: 8/8
   589 | D        | Noticed Kirke
   589 | D        | Noticed a skeletal warrior
   589 | D        | Noticed a yaktaur captain
   590 | D        | Noticed a centaur warrior
   591 | D        | Noticed a kobold demonologist
   609 | D        | Noticed a harpy
   610 | D        | Noticed a harpy
   611 | D        | Killed a yaktaur captain
   611 | D        | Reached skill level 12 in Shields
   611 | D        | Reached XP level 9. HP: 20/81 MP: 9/9
   612 | D        | Slain by a harpy

Levels and vault maps discovered:
D:        the_violet_keep_of_menkaure [sprint2_stairs_cluster_1,
          sprint2_shoproom, sprint2_temple, sprint2_basic_supplies,
          sprint2_obstacle_2, sprint2_obstacle_5, sprint2_obstacle_6,
          sprint2_obstacle_3, sprint2_obstacle_1, sprint2_timed_cluster_1,
          sprint2_smallroom_cluster_1, sprint2_smallroom_final_cluster_1,
          sprint2_transparent_cluster_1, sprint2_second_timed_cluster_1,
          sprint2_sniper_area_1, sprint2_heavy_combat_area_1,
          sprint2_mutation_trap_area_1, sprint2_forest_area_1,
          sprint2_light_combat_area_1, sprint2_behind_water_1,
          sprint2_near_end_vault_1]

Skill      XL: |  1  2  3  4  5  6  7  8 |
---------------+-------------------------+-----
Fighting       | 8 9 10 11 | 11.5
Axes           | 5 7 8 |  8.7
Armour         | 8 9 10 11 | 11.4
Shields        | 9 10 12 | 12.1

Action                   |  1- 3 |  4- 6 |  7- 9 || total
-------------------------+-------+-------+-------++-------
Melee: War axe           |    12 |     5 |    68 ||    85
  Use: Potion            |     1 |       |     2 ||     3
Armor: Scale mail        |       |       |    16 ||    16
Dodge: Dodged            |     1 |     1 |    10 ||    12
Block: Shield            |       |     2 |    31 ||    33

Table legend:
 A = Non-vault XP
 B = Vault XP
 C = Vault XP percentage of total XP
 D = Non-vault monster count
 E = Vault monster count
 F = Vault count percentage of total count
                 A         B        C        D         E       F
            +---------+---------+-------+---------+---------+-------
      Total |       0 |    2240 | 100.0 |       0 |      14 | 100.0
            +---------+---------+-------+---------+---------+-------
          D |       0 |    2240 | 100.0 |       0 |      14 | 100.0
            +---------+---------+-------+---------+---------+-------
